Map: [ESL] Site Delta

Players

Classic - Winner!

  • Race: Protoss Protoss
  • Spawn Location: 5:00

Elazer

  • Race: Zerg Zerg
  • Spawn Location: 11:00

Event: ESL Spring 2024 Finals

VOD

Have the link to the VOD?

Description

Time

  • Played on: June 1, 2024, 11:23 a.m.
  • Length: 9:55

All games in this series

Show
View Real Time Build Order
Export as new Build Order

Classic Protoss - Winner!

Build Orders: 1 Gate Expand, Oracle Opening, Archon Immortal 

Get SALT Encoding   

  12  0:00  Probe  
  13  0:13  Pylon  
  13  0:17  Probe (Chrono Boost)  
  14  0:27  Probe (Chrono Boost)  
  15  0:32  Probe (Chrono Boost)  
  16  0:38  Gateway  
  16  0:43  Probe  
  16  0:47  Assimilator  
  17  0:55  Probe  
  18  1:08  Probe  
  19  1:20  Probe  
  20  1:26  Nexus  
  20  1:32  Probe  
  21  1:39  Cybernetics Core  
  21  1:44  Probe  
  22  1:47  Assimilator  
  22  1:54  Pylon  
  22  1:57  Probe  
  23  2:12  Adept (Chrono Boost), Probe  
  26  2:18  Stargate  
  26  2:24  Probe (Chrono Boost)  
  26  2:27  Warp Gate  
  27  2:34  Adept  
  27  2:36  Probe (Chrono Boost)  
  30  2:42  Probe (Chrono Boost)  
  32  2:46  Probe (Chrono Boost)  
  32  2:49  Probe (Chrono Boost)  
  33  2:52  Probe (Chrono Boost)  
  33  2:54  Probe (Chrono Boost)  
  35  3:00  Oracle (Chrono Boost)  
  35  3:02  Probe  
  39  3:05  Probe  
  39  3:08  Pylon  
  39  3:09  Adept  
  42  3:14  Probe  
  42  3:18  Probe  
  44  3:23  Gateway  
  44  3:27  Probe  
  45  3:30  Probe  
  45  3:31  Oracle (Chrono Boost)  
  49  3:39  Probe  
  50  3:42  Probe  
  51  3:49  Nexus  
  51  3:54  Twilight Council  
  51  3:58  Pylon  
  51  4:00  Probe  
  51  4:01  Probe  
  53  4:07  Assimilator  
  53  4:08  Assimilator  
  53  4:14  Gateway  
  53  4:17  Gateway  
  53  4:23  Resonating Glaives (Chrono Boost)  
  53  4:28  Adept x2  
  53  4:30  Probe x2  
  59  4:32  Pylon  
  59  4:37  Pylon  
  59  4:42  Probe x2  
  61  4:51  Robotics Facility  
  61  4:56  Adept x2  
  65  5:01  Probe x2  
  65  5:02  Probe  
  68  5:13  Probe x2  
  68  5:14  Probe  
  71  5:18  Adept x4  
  79  5:25  Probe x2  
  79  5:26  Probe  
  82  5:33  Pylon  
  82  5:37  Probe x2  
  82  5:38  Probe  
  85  5:44  Adept x4  
  85  5:49  Pylon  
  93  5:50  Pylon  
  93  5:51  Immortal  
  97  6:02  Probe x3  
  100  6:06  Pylon  
  94  6:13  Adept x4  
  100  6:23  Forge  
  100  6:24  Gateway  
  96  6:26  Gateway  
  96  6:30  Gateway, Probe  
  96  6:31  Probe x2  
  89  6:33  Gateway  
  89  6:35  Immortal (Chrono Boost)  
  89  6:49  Protoss Ground Weapons Level 1  
  89  6:50  Sentry x3  
  89  6:51  Sentry  
  93  7:06  Charge  
  93  7:08  Gateway  
  93  7:10  Gateway  
  93  7:11  Immortal (Chrono Boost)  
  93  7:14  Pylon  
  87  7:21  Adept  
  87  7:22  Assimilator, Adept  
  89  7:23  Shield Battery, Zealot x2  
  89  7:24  Zealot x3  
  89  7:25  Assimilator  
  89  7:28  Zealot  
  101  7:32  Probe  
  101  7:33  Pylon, Probe x2  
  104  7:37  Templar Archives  
  104  7:40  Immortal (Chrono Boost)  
  108  7:45  Zealot x3  
  112  8:00  Pylon  
  112  8:02  Adept x2  
  114  8:11  Nexus  
  114  8:12  Pylon  
  114  8:14  Zealot x2, High Templar x4  
  114  8:15  Warp Prism (Chrono Boost)  
  114  8:18  Archon x2  
  114  8:19  Zealot x2  
  132  8:27  High Templar, Pylon x2  
  132  8:28  High Templar  
  132  8:33  Archon  
  136  8:38  Zealot x2  
  136  8:39  Zealot  
  136  8:40  Zealot  
  136  8:41  Observer  
  145  8:48  Zealot x3  
  145  8:49  Zealot  
  153  9:07  Zealot x6  
  153  9:09  Zealot  
  161  9:10  Zealot x2  
  161  9:12  Zealot  
  139  9:28  Zealot x6  
  129  9:31  Zealot x2  
  129  9:35  Zealot  
  103  9:47  Zealot  
  103  9:48  Zealot x5  
  103  9:52  Zealot x2  
Show
View Real Time Build Order
Export as new Build Order

Elazer Zerg 

Build Orders: Hatch First 

Get SALT Encoding   

  12  0:00  Drone  
  13  0:12  Overlord  
  13  0:17  Drone  
  14  0:30  Drone x2  
  16  0:48  Hatchery  
  15  0:51  Drone  
  15  0:55  Drone  
  17  0:57  Drone  
  18  1:09  Extractor  
  17  1:14  Spawning Pool  
  17  1:18  Drone  
  17  1:19  Drone  
  18  1:27  Drone  
  19  1:38  Drone  
  20  1:49  Overlord  
  20  2:01  Queen x2  
  20  2:02  Drone, Zergling x2  
  26  2:11  Drone, Zergling x2  
  28  2:16  Metabolic Boost  
  28  2:21  Drone  
  28  2:22  Zergling x2  
  30  2:32  Drone x2  
  30  2:36  Queen  
  32  2:42  Drone  
  32  2:43  Overlord  
  35  2:53  Hatchery  
  34  2:58  Queen  
  34  3:02  Drone  
  34  3:05  Drone  
  38  3:07  Zergling x2  
  38  3:10  Zergling x2  
  38  3:11  Drone  
  41  3:14  Queen  
  41  3:19  Overlord  
  43  3:22  Drone  
  43  3:25  Overlord  
  44  3:38  Queen  
  44  3:40  Drone x5  
  50  3:45  Drone x2  
  50  3:46  Drone  
  50  3:48  Drone  
  54  3:56  Spore Crawler  
  54  3:57  Spore Crawler  
  54  3:58  Drone x2  
  54  3:59  Drone  
  55  4:09  Overlord  
  56  4:10  Drone x3  
  56  4:16  Drone x5  
  56  4:17  Drone  
  64  4:27  Overlord  
  64  4:28  Drone x3  
  67  4:37  Overlord  
  67  4:38  Roach Warren  
  67  4:43  Drone x5  
  71  4:46  Overlord  
  71  4:48  Drone x3  
  71  4:49  Lair  
  74  4:54  Zergling x2  
  74  4:55  Zergling x2  
  76  5:00  Extractor  
  76  5:03  Zergling x6  
  76  5:06  Hatchery, Spore Crawler  
  76  5:11  Overlord  
  76  5:12  Drone x5  
  81  5:18  Drone x4, Evolution Chamber  
  81  5:19  Drone  
  85  5:25  Drone  
  85  5:26  Extractor  
  85  5:28  Extractor  
  85  5:29  Overlord, Extractor  
  85  5:31  Extractor  
  82  5:37  Overlord  
  82  5:38  Drone x5  
  82  5:39  Drone x3  
  87  5:46  Spine Crawler  
  85  5:50  Roach x5  
  85  5:51  Evolution Chamber  
  85  5:52  Roach  
  96  5:58  Roach  
  96  6:00  Roach  
  96  6:01  Queen x3  
  96  6:03  Roach  
  103  6:08  Overlord  
  101  6:12  Overlord  
  101  6:13  Ravager  
  101  6:14  Roach x3  
  101  6:16  Overlord  
  104  6:22  Overlord  
  104  6:23  Overlord  
  95  6:30  Overlord  
  95  6:32  Drone  
  88  6:43  Drone x5  
  89  6:47  Ravager  
  89  6:49  Drone x4  
  89  6:53  Drone x3  
  96  6:59  Drone x4  
  96  7:05  Drone x3  
  96  7:06  Drone  
  102  7:15  Drone x8  
  102  7:18  Drone x3  
  102  7:20  Drone  
  102  7:22  Drone x2  
  108  7:23  Drone  
  108  7:24  Drone  
  108  7:27  Zerg Missile Weapons Level 1  
  108  7:29  Drone x3  
  113  7:34  Hydralisk Den  
  113  7:35  Overlord  
  112  7:37  Overlord  
  112  7:42  Drone x2  
  112  7:43  Drone, Extractor  
  114  7:46  Glial Reconstitution  
  114  7:50  Overlord  
  112  7:51  Drone x4  
  112  7:54  Roach x3  
  118  8:03  Roach x5  
  128  8:05  Grooved Spines  
  128  8:12  Roach x5  
  138  8:22  Hydralisk x5  
  148  8:31  Hydralisk x4  
  156  8:37  Hydralisk x3  
  162  8:45  Hydralisk x2  
  166  8:50  Hydralisk x2  
  166  8:54  Drone x5  
  173  9:03  Roach x5  
  173  9:07  Roach  
  173  9:08  Roach  
  179  9:13  Roach x2  
  172  9:18  Roach x4  
  166  9:24  Roach x4  
  166  9:27  Roach x2  
  152  9:33  Roach x4  
Tags
 
Add a new tag
Caveats
  • Supply blocks, unpowered buildings, or Contaminate may cause inaccurate times.
  • Supply counts are checked every 10 seconds.